 Dungeon Crawl Stone Soup version 0.16.2-2-g470672f (webtiles) character file.

417 drareg the Cudgeler (level 6, -10/85 HPs)
             Began as a Deep Dwarf Berserker on Aug 30, 2015.
             Was a Believer of Trog.
             Mangled by an ogre
             ... wielding a +0 giant club
              (22 damage)
             ... on level 6 of the Dungeon.
             The game lasted 00:16:31 (938 turns).

drareg the Cudgeler (Deep Dwarf Berserker)           Turns: 938, Time: 00:16:31

Health: -10/85     AC:  9    Str: 27    XL:     6   Next: 61%
Magic:  6/6        EV: 10    Int:  8    God:    Trog [**....]
Gold:   88         SH:  0    Dex: 12    Spells: 0 memorised, 5 levels left

rFire  . . .     SeeInvis .     a - +0 mace
rCold  . . .     Clarity  .     i - +0 chain mail
rNeg   . . .     SustAb   .     (no shield)
rPois  .         Gourm    .     (no helmet)
rElec  .         Spirit   .     (no cloak)
rCorr  .         Warding  .     (no gloves)
rMut   .         Stasis   .     (no boots)
MR     ++...                    (no amulet)
Stlth  ..........               (no ring)
                                (no ring)

@: berserking, non-regenerating, very quick, very resistant to hostile
enchantments, extremely unstealthy
A: damage resistance, recharge devices, sense surroundings 1, slow healing 3
a: Device Recharging, Burn Spellbooks, Berserk, Trog's Hand, Renounce Religion


You were on level 6 of the Dungeon.
You worshipped Trog.
Trog was pleased with you.
You were not hungry.

You visited 1 branch of the dungeon, and saw 6 of its levels.

You collected 88 gold pieces.

Inventory:

Hand weapons
 a - a +0 mace (weapon)
 s - a +0 flail
Armour
 b - a +0 animal skin
 i - a +0 chain mail (worn)
Magical devices
 c - a wand of heal wounds (3)
Scrolls
 d - a scroll of remove curse {unknown}
 e - a scroll of recharging {unknown}
 f - 5 scrolls of identify
 h - a scroll of teleportation {unknown}
 m - a scroll of enchant weapon {unknown}
 q - a scroll of random uselessness {unknown}
Potions
 j - a potion of poison {unknown}
 k - a potion of mutation {unknown}
 n - a potion of restore abilities
 p - a potion of haste {unknown}
 r - 2 potions of flight
 t - a potion of ambrosia {unknown}
Comestibles
 g - a bread ration
 l - a meat ration
 o - 2 royal jellies


   Skills:
 + Level 4.2 Fighting
 + Level 4.7 Maces & Flails
 + Level 4.4 Armour
 + Level 3.5 Dodging


You had 5 spell levels left.
You didn't know any spells.

Dungeon Overview and Level Annotations

Branches:
Dungeon (6/15)
 Temple: D:4-7

Altars:
Fedhas
Qazlal

Shops:
D:6 *


Innate Abilities, Weirdness & Mutations

You are resistant to damage.
You can recharge devices by infusing magical energy.
You passively map a small area around you.
You do not heal naturally.


Message History

The jackal barks!
You hit the goblin.
The goblin is severely wounded.
The big kobold barely misses you. The ogre hits you with a giant club!
* * * LOW HITPOINT WARNING * * *
A jackal comes into view.
The jackal barks!
You bludgeon the goblin!!
You kill the goblin!
Trog accepts your kill.
The big kobold hits you but does no damage.
You barely miss the shadow imp. The ogre hits you with a giant club!
* * * LOW HITPOINT WARNING * * *
The shadow imp closely misses you. The big kobold barely misses you.
You thump the shadow imp!
You kill the shadow imp!
Trog accepts your kill.
You closely miss the big kobold. The big kobold closely misses you.
The ogre hits you with a giant club!!
You die...

* .... , * ..>.....
#+# , ,........# #.##.
*.........# #.#. *
#(8.....8.# ##..** ,
#.....hh..* ##..##
##.......## #....##*
#.....OYK.#####....#.#
, #.....@............#
* ##.....########.####
##...## #.######. ##.#
#........ ## #.#######
#.# #.# #####
#######.###
#...####.........#


You could see an ice beast, a big kobold, an ogre and 2 jackals.

Vanquished Creatures
  2 ice beasts (D:5)
  A hound (D:4)
  A worker ant (D:5)
  A hound skeleton (D:4)
  8 gnolls
  2 adders (D:5)
  A shadow imp (D:6)
  2 worms
  3 giant geckos
  4 orcs
  4 bats
  A giant cockroach (D:1)
  3 hobgoblins
  2 jackals (D:4)
  A ball python (D:3)
  4 goblins
  5 kobolds
  3 rats
48 creatures vanquished.

Notes
Turn   | Place    | Note
--------------------------------------------------------------
     0 | D:1      | drareg, the Deep Dwarf Berserker, began the quest for the Orb.
     0 | D:1      | Reached XP level 1. HP: 20/20 MP: 1/1
    75 | D:1      | Reached XP level 2. HP: 18/27 MP: 2/2
   313 | D:3      | Acquired Trog's second power
   364 | D:3      | Reached XP level 3. HP: 27/34 MP: 3/3
   535 | D:4      | Reached XP level 4. HP: 42/42 MP: 4/4
   537 | D:4      | Reached skill level 4 in Maces & Flails
   704 | D:5      | Entered Level 5 of the Dungeon
   704 | D:5      | Found a blossoming altar of Fedhas.
   704 | D:5      | Found a stormy altar of Qazlal.
   704 | D:5      | Noticed an ice beast
   720 | D:5      | Killed an ice beast
   720 | D:5      | Reached XP level 5. HP: 30/50 MP: 5/5
   787 | D:5      | Reached XP level 6. HP: 51/57 MP: 6/6
   802 | D:5      | Noticed an ice beast
   831 | D:5      | Killed an ice beast
   893 | D:6      | Found Blar's General Store.
   938 | D:6      | Mangled by an ogre

Action                   |  1- 3 |  4- 6 || total
-------------------------+-------+-------++-------
Melee: Mace              |   103 |   137 ||   240
Invok: Berserk           |     2 |     2 ||     4
       Trog's Hand       |     1 |     4 ||     5
Evoke: Wand              |     1 |     1 ||     2
  Use: Scroll            |       |     2 ||     2
  Eat: Bread ration      |       |     1 ||     1
       Pizza             |       |     1 ||     1
